Unix NetHack Version 5.0.0-0 post-release - last build Jun 10 2026 00:39:30 (3ee93aec679c4c4259841fe613dc97188e26a321,branch:main).

Game began 2026-06-21 20:59:37, ended 2026-06-21 21:23:55.

DaveT, lawful male human Priest

                     ------
                     +....-
   -------------    #|....|
   |...........|    #.....|              ###
   |............#####|....| ###############M@######
   |......<....|   ##------ #    -----------P-    ##
   ---.-------.-  ###########    |*.....u...*|     #
      #       ########           |.....*.....|     ##
      ###        #  #            |...-----...|      #  ---------------
        ##)#######  #            |...|.{.|...|      #  |.............|
           ####     #            |..*|{@{|*..|      #  |....%........|
          ## -|-----#            |...|.{.|...|#########..............|
          #  |.....|#            |...-.---...|)        ---------------
 -------  #  |..%..|#            |.....*......#
 |......###  |.....|#            |*.........*|)
 |%....|     |>.....#            -------------#
 |.....|     -------##########################[
 |.....-#############
 -------

DaveT the Adept              St:14 Dx:12 Co:16 In:10 Wi:16 Ch:11  Lawful
Dlvl:6  $:82 HP:0(70) Pw:84(90) AC:7  Xp:7 T:4240  Burdened

Latest messages:
 You have a little trouble lifting a pink spellbook.  Continue? [ynq] (q) y
 You have a little trouble lifting q - a pink spellbook.
 h - a spellbook of cure blindness.
 x - a bronze ring.
 Q - a pick-axe.
 m - 2 opals.
 Your movements are slowed slightly because of your load.
 What do you want to read? [ghqrvyz or ?*] ?
 You begin to memorize the runes.
 You add the "extra healing" spell to your repertoire, as 'f'.
 You are still in a pit.
 You crawl to the edge of the pit.
 What do you want to put on? [wxK or ?*] K
 K - an amulet called esp (being worn).
 The gray unicorn butts!
 The gray unicorn kicks!
 You feel agile!
 You must have been working on your reflexes.
 The gray unicorn butts!
 The gray unicorn kicks!
 You miss the gray unicorn.
 The orc mummy hits!
 What do you want to wield? [- auOQTU or ?*] a
 a - a blessed +1 mace (weapon in right hand).
 The orc mummy hits!
 You hit the orc mummy!
 The orc mummy hits!
 You hit the orc mummy!
 The orc mummy hits!
 The orc mummy hits!
 You miss the orc mummy.
 The orc mummy hits!
 You hit the orc mummy!
 The brown pudding divides as you hit it!
 The orc mummy hits!
 The brown pudding bites!
 Your robe rots!
 The brown pudding divides as you hit it!
 You miss the brown pudding.
 The orc mummy hits!
 The brown pudding bites!
 Your robe rots further!
 You kill the brown pudding!
 The orc mummy hits!
 You kill the brown pudding!
 You miss the brown pudding.
 The orc mummy hits!
 You die...
 Do you want your possessions identified? [ynq] (y) y
 Do you want to see your attributes? [ynq] (y) q

Inventory:
 Coins    ('$')
  $ - 82 gold pieces
 Amulets  ('"')
  K - an amulet of ESP (being worn)
  w - an amulet of flying
 Weapons  (')')
  u - 5 +0 orcish arrows (in quiver)
  T - a +3 dagger
  U - 2 +0 daggers
  O - a +0 aklys
  a - a blessed +1 mace (weapon in right hand)
 Armor    ('[')
  o - a rusty +0 orcish helm (being worn)
  D - a +0 pair of speed boots
  c - a +0 small shield
  t - a +0 elven cloak
  l - a +0 mummy wrapping
  b - a very rotted +0 robe (being worn)
  E - a +0 Hawaiian shirt with a ukulele motif (being worn)
  A - a +0 studded leather armor (being worn)
 Comestibles  ('%')
  e - 2 cloves of garlic
  Z - 2 food rations
  f - a sprig of wolfsbane
  Y - a lizard corpse
 Scrolls  ('?')
  v - a cursed scroll of identify
 Spellbooks  ('+')
  y - a spellbook of cancellation
  z - a spellbook of chain lightning
  h - a spellbook of cure blindness
  q - a spellbook of extra healing
  r - a spellbook of force bolt
  g - a spellbook of light
 Potions  ('!')
  P - a potion of full healing
  S - a cursed potion of gain energy
  N - a potion of healing
 Rings    ('=')
  x - a ring of regeneration
 Tools    ('(')
  k - a drum of earthquake (0:7)
  s - a wooden flute
  i - a magic marker (0:21)
  Q - a +0 pick-axe
  p - a stethoscope
  L - a tin whistle
 Gems/Stones  ('*')
  j - a fluorite stone
  m - 2 opals
  I - 2 worthless pieces of violet glass

DaveT the Priest's attributes:

Background:
 You were an Adept, a level 7 human Priest.
 You were lawful, on a mission for Anu
 who was opposed by Ishtar (neutral) and Anshar (chaotic).
 You were right-handed.
 You were in the Dungeons of Doom, on level 6.
 You entered the dungeon 4240 turns ago.
 You had 1112 experience points, 168 more were needed to attain level 8.

Basics:
 You had 0 out of 70 hit points.
 You had 84 out of 90 energy points (spell power).
 Your armor class was 7.
 Your wallet contained 82 zorkmids.
 Autopickup was off.

Final Characteristics:
 Your strength was 14 (limit:18/100).
 Your dexterity was 12 (limit:18).
 Your constitution was 16 (limit:18).
 Your intelligence was 10 (limit:18).
 Your wisdom was 16 (limit:18).
 Your charisma was 11 (limit:18).

Final Status:
 You weren't hungry.
 You were burdened; movement was slightly slowed.
 You were wielding a mace.
 You had basic skill with mace and could have enhanced that.

Final Attributes:
 You were piously aligned.
 You were poison resistant.
 You were telepathic.
 You were guarded.
 Your spell casting was enhanced by wearing a robe.
 You were fast.
 You were unlucky.
 You are dead.

Miscellaneous:
 You encountered 1 bones level.
 Total elapsed playing time was 24 minutes and 17 seconds.

Major events:
 Turn
    1: DaveT the lawful human Priest entered the dungeon
  394: entered the Gnomish Mines
  887: attained the rank of Acolyte (level 3)
 2012: attained the rank of Adept (level 6)
 4240: killed by an orc mummy

Spells:
 Name                 Level Category     Fail Retention
 light                  1   clerical       0%   71%-80%
 cure blindness         2   healing       37%  76%-100%
 chain lightning        2   attack        44%  76%-100%
 cancellation           7   matter        97%  76%-100%
 force bolt             1   attack         0%  76%-100%
 extra healing          3   healing       82%  76%-100%

Skills:
 Fighting Skills
   bare handed combat [Unskilled]
 Weapon Skills
   club               [Unskilled]
   mace               [Basic]
   morning star       [Unskilled]
   flail              [Unskilled]
   hammer             [Unskilled]
   quarterstaff       [Unskilled]
   polearms           [Unskilled]
   spear              [Unskilled]
   trident            [Unskilled]
   lance              [Unskilled]
   bow                [Unskilled]
   sling              [Unskilled]
   crossbow           [Unskilled]
   dart               [Unskilled]
   shuriken           [Unskilled]
   boomerang          [Unskilled]
   unicorn horn       [Unskilled]
 Spellcasting Skills
   healing spells     [Unskilled]
   divination spells  [Unskilled]
   clerical spells    [Basic]

Voluntary challenges:
 Character rerolling was not enabled.
 You never genocided any monsters.
 You never polymorphed an object.
 You never changed form.
 You used no wishes.
Achievements:
 You entered the Gnomish Mines.
 You entered a shop.
 You attained the rank of Acolyte.
 You attained the rank of Adept.

 The Dungeons of Doom: levels 1 to 7
    Level 1:
    Level 2:
       Stairs down to The Gnomish Mines.
    Level 3:
       An armor shop.
    Level 4:
       Final resting place for
          Cuchullain-Bar-Hum-Mal-Neu, killed by a dwarf, while frozen by a floating eye's gaze.
    Level 5:
    Level 6: <- You were here.
       Many fountains.
       Oracle of Delphi.
       Final resting place for
          you, killed by an orc mummy.
    Level 7:
 The Gnomish Mines:
    Level 3:


Vanquished creatures:
  a ghost
  a small mimic
  a leprechaun
  a gnome ruler
  2 brown puddings
  a lizard
  a dog
  a plains centaur
  a gnome mummy
  a human zombie
  a Woodland-elf
  a wood nymph
 14 Uruk-hai
  2 orc shamans
  2 rock piercers
  a fog cloud
  a shrieker
  a violet fungus
  2 gnome leaders
  a black naga hatchling
  2 gray oozes
  a giant ant
  2 floating eyes
  a kitten
  2 dwarves
  a homunculus
  4 hill orcs
  a rothe
  a giant bat
  2 monkeys
  2 iguanas
  a gas spore
  a hobgoblin
  3 giant rats
  4 cave spiders
  a brown mold
  2 yellow molds
  3 red molds
 11 garter snakes
  a gnome zombie
  3 geckos
  9 jackals
  a fox
  3 kobolds
  2 goblins
  a sewer rat
  3 grid bugs
  4 lichens
  4 kobold zombies
  9 newts
122 creatures vanquished.

No species were genocided or became extinct.

Game over:
                       ----------
                      /          \
                     /    REST    \
                    /      IN      \
                   /     PEACE      \
                  /                  \
                  |      DaveT       |
                  |      82 Au       |
                  | killed by an orc |
                  |      mummy       |
                  |                  |
                  |                  |
                  |       2026       |
                 *|     *  *  *      | *
        _________)/\\_//(\/(/\)/\//\/|_)_______

Goodbye DaveT the Priest...

You died in The Dungeons of Doom on dungeon level 6 with 4882 points,
and 82 pieces of gold, after 4240 moves.
You were level 7 with a maximum of 70 hit points when you died.

